AoeStats
← dxdiegoalejandropaz

Arabia

510220504Analyzed
1v1 RM · 2d ago on Sep 30, 2026· 34m 40s· 2 players
Game mode
Random Map
Map size
Tiny (2 player)
Population
200
Speed
Normal
Resources
Standard
Victory
Conquest
Starting age
Dark Age
Ending age
Imperial Age
RankedLock teamsTeams togetherTeam positionsShared explorationLock speedFull tech treeHidden civsTurbo modeCheats
Victory
Defeat
🇲🇽 Maya · Mexico
747
+15
🇨🇱 Sicilians · Chile
716
-15
dxdiegoalejandropaz
1:51 Loom
11:48 Feudal Age
12:19 Double-Bit Axe
12:26 Town Watch
13:31 Horse Collar
15:25 Wheelbarrow
17:44 Stone Mining
28:34 Castle Age
27:17 Fletching
27:32 Scale Mail Armor
emmasancp
0:26 Loom
13:55 Feudal Age
14:19 Horse Collar
14:26 Double-Bit Axe
14:32 Gold Mining
14:39 Stone Mining
16:48 Gold Mining
20:40 Castle Age
19:32 Fletching
26:55 Bodkin Arrow
29:38 Ballistics
29:47 Murder Holes
30:42 Padded Archer Armor
31:37 Wheelbarrow
Connection lost

Rejoining the realm…

Still unreachable

The connection could not be restored.

Session expired

The server has moved on; the page needs a fresh start.